 Dungeon Crawl Stone Soup version 0.31-a0-233-g139696dc86 (webtiles) character file.

Game seed: 5884778640917608494

59 qw the Shooter (level 4, -2/26 HPs)
             Began as a Gargoyle Hexslinger on July 7, 2023.
             Slain by a goblin
             ... wielding a +0 dagger
             ... led by Robin
              (4 damage)
             ... on level 2 of the Dungeon.
             The game lasted 00:00:20 (768 turns).

qw the Shooter (Gargoyle Hexslinger)                 Turns: 768, Time: 00:00:21

Health: -2/26      AC:  6    Str: 12    XL:     4   Next: 3%
Magic:  5/5        EV: 12    Int: 13    God:
Gold:   49         SH:  0    Dex: 20    Spells: 4/5 levels left

rFire   . . .        Y - +1 sling
rCold   . . .        (no shield)
rNeg    + . .        d - +0 leather armour
rPois   inf          (no helmet)
rElec   +            (no cloak)
rCorr   .            (no gloves)
SInv    .            (no boots)
Will    .....        (no amulet)
Stlth   +            g - +6 ring of dexterity
HPRegen 0.24/turn    (no ring)
MPRegen 0.09/turn

%: no passive effects
@: no status effects
A: sickness immunity, AC +3, negative energy resistance 1, electricity
resistance, torment resistance 1, petrification resistance
a: no special abilities


You were on level 2 of the Dungeon.
You visited 1 branch of the dungeon, and saw 2 of its levels.

You collected 49 gold pieces.


Innate Abilities, Weirdness & Mutations

You are immune to sickness and miasma.
Your stone body is resilient. (AC +3)
You are immune to poison.
You resist negative energy. (rN+)
You are resistant to electric shocks. (rElec)
You are resistant to unholy torment.
You are immune to petrification.


   Skills:
 - Level 2.0 Fighting
 + Level 3.8 Ranged Weapons
 - Level 1.5 Dodging
 - Level 1.0 Spellcasting
 - Level 2.6 Hexes


You had 4 spell levels left.
You knew the following spells:

 Your Spells              Type           Power      Damage    Failure   Level
a - Slow                  Hex            28%        N/A       12%         1

Your spell library contained the following spells:

 Spells                   Type           Power      Damage    Failure   Level
 Inner Flame              Hex/Fire       4%         N/A       52%         3
 Portal Projectile        Hex/Tloc       8%         N/A       52%         3
 Cause Fear               Hex            3%         N/A       75%         4

Inventory:

Hand Weapons
 Y - a +1 sling (weapon)
Armour
 a - a scarf of invisibility
 d - a +0 leather armour (worn)
Jewellery
 g - a +6 ring of dexterity (left hand)
Potions
 e - a potion of magic {unknown}
 i - a potion of enlightenment {unknown}

Dungeon Overview and Level Annotations

Branches:
Dungeon (2/15)

Altars:

Annotations:
D:2 Robin


Message History

The sling bullet barely misses the goblin.
Robin throws the goblin at you! The goblin closely misses you.
The goblin hits you but does no damage. The hobgoblin closely misses you.
Robin throws the goblin at you! The goblin hits you but does no damage.
You shoot a sling bullet.
The sling bullet hits the hobgoblin but does no damage.
The goblin hits you with a +0 dagger. The goblin misses you.
Robin roars a battlecry!
The hobgoblin closely misses you. The goblin closely misses you.
You shoot a sling bullet. The sling bullet hits the hobgoblin.
The hobgoblin is moderately wounded.
The goblin hits you with a +0 dagger. The goblin hits you but does no damage.
A hobgoblin comes into view.
The goblin hits you but does no damage.
The hobgoblin hits you but does no damage.
You shoot a sling bullet. The sling bullet hits the hobgoblin.
You kill the hobgoblin!
The goblin hits you but does no damage. x2; The endoplasm barely misses you.
The goblin closely misses you.
You have reached level 4!
You feel stronger.
You shoot a sling bullet. The sling bullet hits the endoplasm.
The endoplasm is almost dead.
The goblin hits you but does no damage. The goblin closely misses you.
The endoplasm hits you. The goblin closely misses you. The hobgoblin hits you.
The endoplasm freezes you.
You are frozen.
The goblin hits you but does no damage. The goblin barely misses you.
The goblin hits you with a +0 dagger.
You shoot a sling bullet. The sling bullet hits the endoplasm.
You kill the endoplasm!
The hobgoblin closely misses you. The goblin hits you but does no damage.
The goblin closely misses you. The goblin hits you with a +0 club.
You shoot a sling bullet. The sling bullet hits Robin.
Robin is lightly wounded.
The goblin barely misses you. The goblin hits you with a +0 dagger.
The goblin barely misses you.
You shoot a sling bullet. The sling bullet hits Robin.
Robin is moderately wounded.
The hobgoblin hits you but does no damage.
The goblin hits you with a +0 dagger.
You die...

####... .#
#.....##.#.
..?.....)..
..........
..)%...#
###.#%..###
#.ggg......
#.#@g.######
#.gg.......#
#.......##.#
##......#
#<.....#
######....
####


You could see Robin, 2 hobgoblins and 3 goblins.

Vanquished Creatures
  A gnoll (D:1)
  An adder (D:2)
  2 dart slugs (D:1)
  A bat (D:1)
  5 endoplasms
  3 giant cockroaches (D:1)
  6 goblins
  3 hobgoblins (D:2)
  A kobold (D:1)
  A quokka (D:1)
  5 ball pythons (D:1)
  2 frilled lizards (D:1)
  A rat (D:1)
32 creatures vanquished.

Notes
Turn   | Place    | Note
-------+----------+-------------------------------------------
     0 | D:1      | qw the Gargoyle Hexslinger began the quest for the Orb.
     0 | D:1      | Reached XP level 1. HP: 12/12 MP: 2/2
     0 | D:1      | 0 ||| qw: Version: 0.3-a-46-gb1f654a
     0 | D:1      | 0 ||| qw: Game counter: 3238
     0 | D:1      | 0 ||| qw: Melee chars always use a shield: true
     0 | D:1      | 0 ||| qw: God list: Okawaru
     0 | D:1      | 0 ||| qw: Allow faded altars: false
     0 | D:1      | 0 ||| qw: Do Orc after clearing Dungeon:15 true
     0 | D:1      | 0 ||| qw: Do second Lair branch before Depths: true
     0 | D:1      | 0 ||| qw: Lair rune preference: random
     0 | D:1      | 0 ||| qw: Goals: Normal
     0 | D:1      | 0 ||| PLANNING D:1-11
    19 | D:1      | Reached XP level 2. HP: 16/16 MP: 3/3
    25 | D:1      | Reached skill level 3 in Ranged Weapons
   169 | D:1      | Reached XP level 3. HP: 21/21 MP: 4/4
   706 | D:1      | 706 ||| UPGRADING to +0 leather armour.
   716 | D:1      | 716 ||| DROPPING +0 robe.
   717 | D:1      | 717 ||| UPGRADING to +6 ring of dexterity.
   718 | D:1      | 718 ||| READING 2 scrolls labelled CAPHIP JUGHEB.
   719 | D:1      | 719 ||| READING scroll labelled HINENTOOPPUBBA.
   722 | D:1      | 722 ||| DROPPING scroll of vulnerability.
   723 | D:1      | 723 ||| DROPPING scroll of poison.
   755 | D:2      | Noticed Robin
   765 | D:2      | Reached XP level 4. HP: 16/26 MP: 5/5
   765 | D:2      | HP: 5/26 [goblin/+0 dagger[Robin] (3)]
   767 | D:2      | HP: 2/26 [goblin/+0 dagger[Robin] (3)]
   768 | D:2      | Slain by a goblin

Levels and vault maps discovered:
D:1:      sevenhm_arrival_forest_fort_small_4, layout_basic
D:2:      layout_basic, basic_altar, uniq_sigmund, uniq_robin

Skill      XL: |  1  2 |
---------------+-------+-----
Ranged Weapons | 3 |  3.8
Fighting       | 2 |  2.0
Dodging        | |  1.5
Spellcasting   | |  1.0
Hexes          | |  2.6

Action                     |  1- 3 |  4- 6 || total
---------------------------+-------+-------++-------
   Fire: Sling             |    84 |     4 ||    88
    Use: Scroll            |     2 |       ||     2
 Armour: Robe              |     8 |       ||     8
         Leather armour    |     9 |     4 ||    13
  Dodge: Dodged            |    28 |     7 ||    35

Table legend:
 A = Non-vault XP
 B = Vault XP
 C = Vault XP percentage of total XP
 D = Non-vault monster count
 E = Vault monster count
 F = Vault count percentage of total count
                 A         B        C        D         E       F
            +---------+---------+-------+---------+---------+-------
      Total |      73 |      12 |  14.1 |      26 |       6 |  18.8
            +---------+---------+-------+---------+---------+-------
        D:1 |      56 |       0 |   0.0 |      23 |       0 |   0.0
        D:2 |      17 |      12 |  41.4 |       3 |       6 |  66.7
            +---------+---------+-------+---------+---------+-------
